[Event "22nd ETCC Women 2019"]
[Site "Batumi"]
[Date "2019.10.25"]
[Round "2.7"]
[White "Sikorova, Olga"]
[Black "Novkovic, Julia"]
[Result "0-1"]
[ECO "A26"]
[WhiteElo "2234"]
[BlackElo "2146"]
[Annotator "NA"]
[PlyCount "66"]
[EventDate "2019.10.24"]
[EventType "team-tourn"]
[EventCountry "GEO"]
[SourceTitle "playchess.com"]
[Source "ChessBase"]
[SourceQuality "1"]
[WhiteTeam "Czech Republic"]
[BlackTeam "Austria"]
[WhiteTeamCountry "CZE"]
[BlackTeamCountry "AUT"]
[TimeControl "40/5400+30:1800+30"]

1. c4 e5 2. g3 Nc6 3. Bg2 g6 4. Nc3 Bg7 5. d3 d6 6. e4 Nh6 7. h3 O-O 8. Be3 f5 9. Qd2 Nf7 10. Nge2 Nd4 11. f4 fxe4 12. dxe4 Nxe2 13. Qxe2 exf4 14. gxf4 Qh4+ 15. Kd2 Bh6 16. Raf1 Nd8 17. Qf2 Qf6 18. Rhg1 Be6 19. Kd3 Nc6 20. Nd5 Bxd5 21. cxd5 Nb4+ 22. Kc4 c5 23. Qd2 b5+ 24. Kb3 a5 25. a4 c4+ 26. Ka3 Nc2+ 27. Ka2 b4 28. b3 cxb3+ 29. Kxb3 Rac8 30. e5 Qf5 31. Bb6 Rc3+ 32. Ka2 Qd7 33. Kb2 Qxa4 0-1

[Event "22nd ETCC Women 2019"]
[Site "Batumi"]
[Date "2019.10.25"]
[Round "2.8"]
[White "Melia, Salome"]
[Black "Caglar, Sila"]
[Result "1-0"]
[ECO "B47"]
[WhiteElo "2380"]
[BlackElo "2242"]
[Annotator "NA"]
[PlyCount "73"]
[EventDate "2019.10.24"]
[EventType "team-tourn"]
[EventCountry "GEO"]
[SourceTitle "playchess.com"]
[Source "ChessBase"]
[SourceQuality "1"]
[WhiteTeam "Georgia"]
[BlackTeam "Turkey"]
[WhiteTeamCountry "GEO"]
[BlackTeamCountry "TUR"]
[TimeControl "40/5400+30:1800+30"]

1. e4 c5 2. Nf3 e6 3. d4 cxd4 4. Nxd4 Nc6 5. Nc3 Qc7 6. g3 Nf6 7. Ndb5 Qb8 8. Bf4 e5 9. Bg5 a6 10. Bxf6 axb5 11. Bg5 b4 12. Nd5 Bc5 13. Bc4 d6 14. Qh5 Be6 15. Nf6+ gxf6 16. Bxe6 Rf8 17. Bxf6 Nd4 18. Bb3 Nxb3 19. cxb3 Rg8 20. O-O Rg6 21. Bh4 h6 22. Kg2 Qc8 23. h3 Qc6 24. Qf3 Kf8 25. Rfc1 Qb6 26. a4 bxa3 27. bxa3 Kg7 28. b4 Bd4 29. Ra2 Rf8 30. Rac2 d5 31. exd5 f5 32. Rc7+ Kg8 33. d6 e4 34. Qb3+ Kh8 35. d7 Bxf2 36. d8=Q Rxd8 37. Qf7 1-0

[Event "22nd ETCC Women 2019"]
[Site "Batumi"]
[Date "2019.10.25"]
[Round "2.8"]
[White "Polterauer, Chiara"]
[Black "Miturova, Magdalena"]
[Result "0-1"]
[ECO "C50"]
[WhiteElo "2172"]
[BlackElo "2179"]
[Annotator "NA"]
[PlyCount "68"]
[EventDate "2019.10.24"]
[EventType "team-tourn"]
[EventCountry "GEO"]
[SourceTitle "playchess.com"]
[Source "ChessBase"]
[SourceQuality "1"]
[WhiteTeam "Austria"]
[BlackTeam "Czech Republic"]
[WhiteTeamCountry "AUT"]
[BlackTeamCountry "CZE"]
[TimeControl "40/5400+30:1800+30"]

1. e4 e5 2. Nf3 Nc6 3. Bc4 Nf6 4. d3 Bc5 5. c3 O-O 6. Bg5 h6 7. Bh4 Be7 8. Nbd2 d6 9. Bb3 Nd7 10. Bxe7 Qxe7 11. O-O Nc5 12. Bc2 Bg4 13. Nc4 Rae8 14. Ne3 Bh5 15. Nd5 Qd8 16. Qe2 f5 17. b4 fxe4 18. dxe4 Ne6 19. Qe3 Bxf3 20. gxf3 Ng5 21. Bd1 Ne7 22. Nxe7+ Qxe7 23. Kh1 Qf6 24. Rg1 Nxf3 25. Rg3 Ng5 26. f3 b6 27. Be2 Qf4 28. Qxf4 Rxf4 29. Kg2 Ref8 30. Rh1 Kh8 31. h4 Nxe4 32. fxe4 Rf2+ 33. Kh3 Rxe2 34. Rhg1 Rff2 0-1

[Event "22nd ETCC Women 2019"]
[Site "Batumi"]
[Date "2019.10.25"]
[Round "2.9"]
[White "Gaponenko, Inna"]
[Black "Brunello, Marina"]
[Result "0-1"]
[ECO "B90"]
[WhiteElo "2427"]
[BlackElo "2381"]
[Annotator "NA"]
[PlyCount "56"]
[EventDate "2019.10.24"]
[EventType "team-tourn"]
[EventCountry "GEO"]
[SourceTitle "playchess.com"]
[Source "ChessBase"]
[SourceQuality "1"]
[WhiteTeam "Ukraine"]
[BlackTeam "Italy"]
[WhiteTeamCountry "UKR"]
[BlackTeamCountry "ITA"]
[TimeControl "40/5400+30:1800+30"]

1. e4 c5 2. Nf3 d6 3. d4 cxd4 4. Nxd4 Nf6 5. Nc3 a6 6. a4 e5 7. Nf3 Qc7 8. Bg5 Nbd7 9. Nd2 h6 10. Bh4 Qc6 11. Bc4 Be7 12. O-O O-O 13. Ba2 Nc5 14. b4 Ncd7 15. Nd5 Bd8 16. b5 Qc5 17. Ne3 axb5 18. axb5 Nb6 19. Ndc4 Rxa2 20. Rxa2 Nxc4 21. Bxf6 Nxe3 22. fxe3 Qxe3+ 23. Kh1 Bxf6 24. Qxd6 Be6 25. Ra4 Rd8 26. Qc7 Rd2 27. Qxb7 Qe2 28. Rg1 Bh3 0-1

[Event "22nd ETCC Women 2019"]
[Site "Batumi"]
[Date "2019.10.25"]
[Round "2.9"]
[White "Georgescu, Lena"]
[Black "Hoolt, Sarah"]
[Result "0-1"]
[ECO "C12"]
[WhiteElo "2271"]
[BlackElo "2323"]
[Annotator "NA"]
[PlyCount "110"]
[EventDate "2019.10.24"]
[EventType "team-tourn"]
[EventCountry "GEO"]
[SourceTitle "playchess.com"]
[Source "ChessBase"]
[SourceQuality "1"]
[WhiteTeam "Switzerland"]
[BlackTeam "Germany"]
[WhiteTeamCountry "SUI"]
[TimeControl "40/5400+30:1800+30"]

1. e4 e6 2. d4 d5 3. Nc3 Nf6 4. Bg5 Bb4 5. e5 h6 6. Bc1 $11 Ne4 7. Qg4 Kf8 8. Nge2 c5 9. a3 h5 10. Qf4 Ba5 11. b4 Nxc3 12. Nxc3 cxb4 13. Nb5 Nc6 14. axb4 Nxb4 15. Kd1 Nc6 16. Bd3 Kg8 17. h4 a6 18. Nd6 f5 19. Rh3 b5 20. Rg3 Ra7 21. Be2 Bd7 22. Bb2 Be8 23. Rg5 Bc7 24. Nxe8 Qxe8 25. Ra3 Bd8 26. Rgg3 Na5 27. Bc3 Nc4 28. Bxc4 bxc4 29. Kd2 Qe7 30. Ra1 Qxh4 31. Qf3 Qe7 32. Rb1 Rb7 33. Ra1 h4 34. Rh3 Ra7 35. Rb1 Qd7 36. Rhh1 Rb7 37. Ra1 Qc6 38. g3 h3 39. g4 Rf7 40. Rxh3 Rxh3 41. Qxh3 fxg4 42. Qh2 Rf3 43. Rb1 Bg5+ 44. Kd1 Rh3 45. Qg2 Qe8 46. Qxg4 Rh1+ 47. Be1 Qg6 48. Qf3 Rh4 49. Rb8+ Kh7 50. Bc3 Rf4 51. Qh1+ Bh6 52. f3 Qf5 53. Rb7 Rxf3 54. Be1 Ra3 55. Rb1 Qg4+ 0-1

[Event "22nd ETCC Women 2019"]
[Site "Batumi"]
[Date "2019.10.25"]
[Round "2.10"]
[White "Zimina, Olga"]
[Black "Buksa, Nataliya"]
[Result "1/2-1/2"]
[ECO "A06"]
[WhiteElo "2397"]
[BlackElo "2410"]
[Annotator "NA"]
[PlyCount "110"]
[EventDate "2019.10.24"]
[EventType "team-tourn"]
[EventCountry "GEO"]
[SourceTitle "playchess.com"]
[Source "ChessBase"]
[SourceQuality "1"]
[WhiteTeam "Italy"]
[BlackTeam "Ukraine"]
[WhiteTeamCountry "ITA"]
[BlackTeamCountry "UKR"]
[TimeControl "40/5400+30:1800+30"]

1. Nf3 d5 2. g3 g6 3. d4 Nf6 4. c4 c6 5. Qa4 dxc4 6. Qxc4 Be6 7. Qa4 Bg7 8. Bg2 O-O 9. O-O Bf5 10. Nc3 Nbd7 11. Re1 Ne4 12. Nh4 Nxc3 13. bxc3 Nb6 14. Qd1 Bc8 15. Nf3 c5 16. h3 Nd5 17. Qd3 cxd4 18. cxd4 Nb4 19. Qb3 a5 20. Bd2 Be6 21. Qb2 Qd7 22. a3 Nc6 23. Bc3 Rab8 24. e4 Bxh3 25. Bxh3 Qxh3 26. d5 Bxc3 27. Qxc3 Nd8 28. Qe5 Rc8 29. Qxe7 f6 30. Rac1 Nf7 31. Qxf6 Qd7 32. Nd4 Nd8 33. Qg5 Rxc1 34. Qxc1 Nf7 35. Ne6 Rc8 36. Qb2 Nd6 37. Qf6 b5 38. Re3 Qf7 39. Qd4 Rc1+ 40. Kg2 Rc8 41. Rf3 Qe7 42. g4 b4 43. axb4 a4 44. b5 a3 45. Qb4 a2 46. Ra3 Qh4 47. Qxd6 Qxg4+ 48. Kh2 Qh4+ 49. Kg2 Qg4+ 50. Kh2 Qh4+ 51. Kg2 Qxe4+ 52. Kh2 Qh4+ 53. Kg2 Qe4+ 54. Kh2 Qh4+ 55. Kg2 Qe4+ 1/2-1/2

[Event "22nd ETCC Women 2019"]
[Site "Batumi"]
[Date "2019.10.25"]
[Round "2.10"]
[White "Sieber, Fiona"]
[Black "Heinatz, Gundula"]
[Result "1-0"]
[ECO "B36"]
[WhiteElo "2252"]
[BlackElo "2175"]
[Annotator "NA"]
[PlyCount "101"]
[EventDate "2019.10.24"]
[EventType "team-tourn"]
[EventCountry "GEO"]
[SourceTitle "playchess.com"]
[Source "ChessBase"]
[SourceQuality "1"]
[WhiteTeam "Germany"]
[BlackTeam "Switzerland"]
[WhiteTeamCountry "GER"]
[BlackTeamCountry "SUI"]
[TimeControl "40/5400+30:1800+30"]

1. e4 c5 2. Nf3 Nc6 3. d4 cxd4 4. Nxd4 g6 5. c4 Nf6 6. Nc3 Nxd4 7. Qxd4 d6 8. Bg5 Bg7 9. Qd2 O-O 10. Bd3 Be6 11. O-O Rc8 12. b3 a6 13. Rac1 Re8 14. Kh1 Qa5 15. Rfe1 Ng4 16. Nd1 Qxd2 17. Bxd2 Bd4 18. Kg1 Ne5 19. Bf1 Bd7 20. Nc3 Ng4 21. Nd1 b5 22. Bc3 Bb6 23. h3 Ne5 24. Ne3 e6 25. Bxe5 dxe5 26. Ng4 Kg7 27. Nxe5 Red8 28. Red1 Be8 29. Rxd8 Bxd8 30. c5 f6 31. Nd3 a5 32. a3 Bc6 33. f3 Bc7 34. Kf2 g5 35. g3 h5 36. h4 gxh4 37. gxh4 Kf7 38. Bh3 Rd8 39. Ke3 Bg3 40. Rh1 Rg8 41. Nf4 f5 42. exf5 e5 43. Ng6 Bd5 44. Rd1 Bc6 45. Rd6 Rc8 46. f6 Rb8 47. Ne7 Be8 48. Nf5 Bf4+ 49. Ke4 b4 50. a4 Kf8 51. c6 1-0

[Event "22nd ETCC Women 2019"]
[Site "Batumi"]
[Date "2019.10.25"]
[Round "2.11"]
[White "Osmak, Iulija"]
[Black "Gueci, Tea"]
[Result "1-0"]
[ECO "A45"]
[WhiteElo "2409"]
[BlackElo "2265"]
[Annotator "NA"]
[PlyCount "71"]
[EventDate "2019.10.24"]
[EventType "team-tourn"]
[EventCountry "GEO"]
[SourceTitle "playchess.com"]
[Source "ChessBase"]
[SourceQuality "1"]
[WhiteTeam "Ukraine"]
[BlackTeam "Italy"]
[WhiteTeamCountry "UKR"]
[BlackTeamCountry "ITA"]
[TimeControl "40/5400+30:1800+30"]

1. d4 Nf6 2. Bg5 c5 3. d5 Ne4 4. Bf4 Qb6 5. Bc1 g6 6. f3 Nd6 $14 7. e4 Bg7 8. c3 f5 9. Nd2 O-O 10. h4 e6 11. Nc4 Nxc4 12. Bxc4 Qd6 13. Qd3 Na6 14. Ne2 Nc7 15. Bf4 e5 16. Be3 a6 17. b4 cxb4 18. cxb4 Qxb4+ 19. Bd2 Qd6 20. a3 b5 21. Ba2 a5 22. Rc1 fxe4 23. fxe4 Ne8 24. Be3 Qf6 25. d6+ Kh8 26. Bd5 Rb8 27. h5 gxh5 28. Ng3 Bb7 29. Bxb7 Rxb7 30. Nf5 Qg6 31. O-O Nf6 32. Rc5 Ng4 33. Rc7 Rxc7 34. dxc7 Qc6 35. Rc1 Qa6 36. Qxd7 1-0

[Event "22nd ETCC Women 2019"]
[Site "Batumi"]
[Date "2019.10.25"]
[Round "2.11"]
[White "De Seroux, Camille"]
[Black "Klek, Hanna Marie"]
[Result "1/2-1/2"]
[ECO "B11"]
[WhiteElo "2140"]
[BlackElo "2248"]
[Annotator "NA"]
[PlyCount "101"]
[EventDate "2019.10.24"]
[EventType "team-tourn"]
[EventCountry "GEO"]
[SourceTitle "playchess.com"]
[Source "ChessBase"]
[SourceQuality "1"]
[WhiteTeam "Switzerland"]
[BlackTeam "Germany"]
[WhiteTeamCountry "SUI"]
[BlackTeamCountry "GER"]
[TimeControl "40/5400+30:1800+30"]

1. e4 c6 2. Nc3 d5 3. Nf3 Bg4 4. h3 Bxf3 5. Qxf3 e6 6. a3 Nf6 7. d3 d4 8. Nb1 Qa5+ 9. Nd2 c5 10. Be2 Nc6 11. O-O Be7 12. Qg3 O-O 13. f4 Qc7 14. Qf2 b5 15. Kh1 Rac8 16. c4 dxc3 17. bxc3 Rfd8 18. Bb2 a6 19. d4 Na5 20. Bd3 Nd7 21. Rae1 f6 22. e5 f5 23. d5 Nf8 24. c4 bxc4 25. d6 Bxd6 26. exd6 Qxd6 27. Nxc4 Qxd3 28. Nxa5 Qb5 29. Bc3 Rd3 30. Qb2 Qa4 31. Rc1 c4 32. Qb4 Qe8 33. Qb7 Nd7 34. Qxa6 Nc5 35. Qa7 Rd7 36. Qb6 Ne4 37. Rf3 Rd5 38. Qb2 Rb5 39. Qc2 Qd8 40. Rd1 Qc7 41. Rd4 Rxa5 42. Bxa5 Qxa5 43. Rxc4 Qe1+ 44. Kh2 Rxc4 45. Qxc4 Nd2 46. Qc8+ Kf7 47. Qb7+ Kg8 48. Qc8+ Kf7 49. Qd7+ Kf8 50. Qd8+ Kf7 51. Qd7+ 1/2-1/2

[Event "22nd ETCC Women 2019"]
[Site "Batumi"]
[Date "2019.10.25"]
[Round "2.12"]
[White "Muetsch, Annmarie"]
[Black "Tamrazyan, Gohar"]
[Result "1-0"]
[ECO "C06"]
[WhiteElo "2266"]
[BlackElo "1955"]
[Annotator "NA"]
[PlyCount "113"]
[EventDate "2019.10.24"]
[EventType "team-tourn"]
[EventCountry "GEO"]
[SourceTitle "playchess.com"]
[Source "ChessBase"]
[SourceQuality "1"]
[WhiteTeam "Germany"]
[BlackTeam "Switzerland"]
[WhiteTeamCountry "GER"]
[BlackTeamCountry "SUI"]
[TimeControl "40/5400+30:1800+30"]

1. e4 e6 2. d4 d5 3. Nd2 Nf6 4. e5 Nfd7 5. Bd3 c5 6. c3 Nc6 7. Ne2 cxd4 8. cxd4 f6 9. exf6 Nxf6 10. O-O Bd6 11. Nf3 Qc7 12. h3 O-O 13. Be3 Bd7 14. Re1 Be8 15. Ng5 Bf7 16. Rc1 h6 17. Nxf7 Qxf7 18. Bb1 Rad8 19. a3 e5 20. dxe5 Bxe5 21. Nd4 Bxd4 22. Bxd4 Nxd4 23. Qxd4 b6 24. Re3 Rc8 25. Rd1 Rc4 26. Qd3 Rfc8 27. Qf5 R8c5 28. Ree1 Qc7 29. b4 Rc6 30. Ba2 Qf4 31. Qd3 Rc2 32. Bxd5+ Nxd5 33. Qxd5+ Kh7 34. Qd3+ Kg8 35. Re2 Rxe2 36. Qxe2 Rc3 37. Qa2+ Qc4 38. Rd8+ Kf7 39. Rd7+ Kf6 40. Qxc4 Rxc4 41. Rxa7 b5 42. Ra5 Rc3 43. Kf1 Rd3 44. Ke2 Rd5 45. Ra6+ Kf5 46. Rc6 Ke4 47. Rc7 Rg5 48. g3 Kd4 49. Rc6 Rh5 50. h4 Re5+ 51. Kf3 Rf5+ 52. Kg2 Kd3 53. Rc5 g6 54. g4 Rf4 55. Kg3 Rc4 56. Rxb5 Rc3 57. Rb6 1-0

[Event "22nd ETCC Women 2019"]
[Site "Batumi"]
[Date "2019.10.25"]
[Round "2.12"]
[White "Movileanu, Daniela"]
[Black "Zhukova, Natalia"]
[Result "1-0"]
[ECO "C91"]
[WhiteElo "2173"]
[BlackElo "2333"]
[Annotator "NA"]
[PlyCount "78"]
[EventDate "2019.10.24"]
[EventType "team-tourn"]
[EventCountry "GEO"]
[SourceTitle "playchess.com"]
[Source "ChessBase"]
[SourceQuality "1"]
[WhiteTeam "Italy"]
[BlackTeam "Ukraine"]
[WhiteTeamCountry "ITA"]
[BlackTeamCountry "UKR"]
[TimeControl "40/5400+30:1800+30"]

1. e4 e5 2. Nf3 Nc6 3. Bb5 a6 4. Ba4 Nf6 5. O-O Be7 6. Re1 b5 7. Bb3 d6 8. c3 O-O 9. d4 Bg4 10. d5 Na5 11. Bc2 c6 12. h3 Bc8 13. dxc6 Qc7 14. Nbd2 Qxc6 15. Nf1 Nb7 16. a4 Nc5 17. axb5 axb5 18. Rxa8 Qxa8 19. Ng3 Rd8 20. Qe2 Qc6 21. Nh4 g6 22. Bg5 Ne6 23. Bh6 b4 24. Qf3 Ne8 25. Nhf5 gxf5 26. Nxf5 Bf6 27. Qh5 Nf4 28. Bxf4 Bxf5 29. Qxf5 exf4 30. e5 Bg7 31. Qxh7+ Kf8 32. e6 fxe6 33. Rxe6 Qd5 34. Re4 b3 35. Rxf4+ Nf6 36. Bd3 Ra8 37. Qg6 Ra1+ 38. Kh2 Qe5 39. g3 Qd5 1-0

[Event "22nd ETCC Women 2019"]
[Site "Batumi"]
[Date "2019.10.25"]
[Round "2.13"]
[White "Mammadzada, Gunay"]
[Black "Vega Gutierrez, Sabrina"]
[Result "1/2-1/2"]
[ECO "D20"]
[WhiteElo "2427"]
[BlackElo "2395"]
[Annotator "NA"]
[PlyCount "96"]
[EventDate "2019.10.24"]
[EventType "team-tourn"]
[EventCountry "GEO"]
[SourceTitle "playchess.com"]
[Source "ChessBase"]
[SourceQuality "1"]
[WhiteTeam "Azerbaijan"]
[BlackTeam "Spain"]
[WhiteTeamCountry "AZE"]
[BlackTeamCountry "ESP"]
[TimeControl "40/5400+30:1800+30"]

1. d4 d5 2. c4 dxc4 3. e4 Nc6 4. Nf3 Bg4 5. d5 Ne5 6. Bf4 Ng6 7. Be3 Nf6 8. Nc3 e5 9. Bxc4 Bd6 10. Be2 O-O 11. Nd2 Bxe2 12. Qxe2 Nd7 13. g3 a6 14. O-O Ne7 15. Nc4 b5 16. Nxd6 cxd6 17. b4 f5 18. a4 Nf6 19. axb5 axb5 20. exf5 Nfxd5 21. Nxd5 Nxd5 22. Qxb5 Ne7 23. Bg5 Qe8 24. Qxe8 Raxe8 25. Bxe7 Rxe7 26. Rfd1 Rxf5 27. Rxd6 e4 28. Ra5 Rf3 29. b5 Rb3 30. Ra8+ Kf7 31. Rb8 Rb1+ 32. Kg2 Rb2 33. Kf1 e3 34. fxe3 Rxe3 35. b6 Rf3+ 36. Ke1 Rf6 37. Rxf6+ Kxf6 38. b7 Kg5 39. h3 h5 40. Kd1 Kg6 41. Kc1 Rb6 42. Kc2 Rb5 43. Kc3 Rb1 44. Kc4 Rc1+ 45. Kd5 Rd1+ 46. Kc6 Rc1+ 47. Kd5 Rd1+ 48. Kc6 Rc1+ 1/2-1/2

[Event "22nd ETCC Women 2019"]
[Site "Batumi"]
[Date "2019.10.25"]
[Round "2.13"]
[White "Machlik, Monika"]
[Black "Reizniece-Ozola, Dana"]
[Result "0-1"]
[ECO "A57"]
[WhiteElo "2159"]
[BlackElo "2297"]
[Annotator "NA"]
[PlyCount "98"]
[EventDate "2019.10.24"]
[EventType "team-tourn"]
[EventCountry "GEO"]
[SourceTitle "playchess.com"]
[Source "ChessBase"]
[SourceQuality "1"]
[WhiteTeam "Norway"]
[BlackTeam "Latvia"]
[WhiteTeamCountry "NOR"]
[BlackTeamCountry "LAT"]
[TimeControl "40/5400+30:1800+30"]

1. d4 Nf6 2. c4 c5 3. d5 b5 4. Qc2 bxc4 5. e4 e6 6. Bxc4 exd5 7. exd5 d6 8. Nc3 Be7 9. Nge2 O-O 10. O-O Nbd7 11. Ng3 Nb6 12. b3 Nxc4 13. bxc4 Ng4 14. Bf4 f5 15. Rfe1 g5 16. Bd2 f4 17. Nge4 f3 18. h3 Ne5 19. Nxc5 fxg2 20. Rxe5 dxe5 21. N5e4 Bf5 22. Qd1 Qc8 23. Qh5 Qxc4 24. Bxg5 Bxe4 25. Nxe4 Qxe4 26. Bxe7 Rf7 27. d6 Qd4 28. Qg4+ Qxg4 29. hxg4 Rg7 30. Rc1 Kf7 31. g5 Ke6 32. Kxg2 h6 33. Rc7 hxg5 34. Kg3 Kf5 35. Rb7 g4 36. Rc7 Rh7 37. Kg2 a5 38. Rc5 a4 39. Rc3 Ke6 40. Rc4 Kf5 41. Kg3 Rh3+ 42. Kg2 Rd3 43. Kf1 a3 44. Ke2 Rd5 45. Ke3 Rh8 46. Ra4 Rh1 47. Ke2 Rdd1 48. f3 g3 49. f4 g2 0-1

[Event "22nd ETCC Women 2019"]
[Site "Batumi"]
[Date "2019.10.25"]
[Round "2.14"]
[White "Garcia Martin, Marta"]
[Black "Balajayeva, Khanim"]
[Result "1-0"]
[ECO "C50"]
[WhiteElo "2305"]
[BlackElo "2368"]
[Annotator "RC"]
[PlyCount "195"]
[EventDate "2019.10.24"]
[EventType "team-tourn"]
[EventCountry "GEO"]
[SourceTitle "playchess.com"]
[Source "ChessBase"]
[SourceQuality "1"]
[WhiteTeam "Spain"]
[BlackTeam "Azerbaijan"]
[WhiteTeamCountry "ESP"]
[BlackTeamCountry "AZE"]
[TimeControl "40/5400+30:1800+30"]

1. e4 e5 2. Nf3 Nc6 3. Bc4 Nf6 4. d3 Bc5 5. O-O d6 6. c3 a6 7. Bg5 h6 8. Bh4 g5 9. Bg3 Ba7 10. Bb3 Bg4 11. Nbd2 Qd7 12. Nc4 O-O-O 13. Ne3 h5 14. h3 h4 15. Nxg4 Nxg4 16. Bh2 Nf6 17. Nxg5 Rdg8 18. Qf3 Rh6 19. Nxf7 Rhg6 20. Kh1 R8g7 21. Qf5 Ne8 22. f4 exf4 23. Rxf4 Qxf5 24. Rxf5 Kd7 25. d4 Rxg2 26. Nh6 Rxb2 27. Ng4 Rd2 28. Raf1 Re7 29. e5 dxe5 30. Nxe5+ Nxe5 31. Bxe5 Nd6 32. R5f4 Rd3 33. R1f3 Rxf3 34. Rxf3 c5 35. Rf4 Nb5 36. Ba4 Ke6 37. Bb3+ Kd7 38. Ba4 Ke6 39. Bf6 Rc7 40. d5+ Kd6 41. c4 Na3 42. Bxh4 Rg7 43. Rf6+ Ke5 44. Re6+ Kf5 45. Bd1 Rh7 46. Bg4+ Kf4 47. Be7 Nxc4 48. d6 Ne5 49. Bg5+ Kxg5 50. Rxe5+ Kf4 51. Re8 Bb6 52. d7 c4 53. Rc8 c3 54. Rxc3 Rh6 55. Rf3+ Ke5 56. Rb3 Ba5 57. Rxb7 Rd6 58. Rb2 Bd8 59. Kg2 Bh4 60. Rc2 Kf4 61. Rc4+ Ke3 62. Rc3+ Kf4 63. Rc8 Rd2+ 64. Kf1 Rf2+ 65. Kg1 Rd2 66. Rf8+ Ke3 67. Rf3+ Ke4 68. Ra3 Rd6 69. Kf1 Bg5 70. Ke2 Rd2+ 71. Ke1 Rd6 72. Rb3 Ke5 73. Rf3 Ke4 74. Rf8 Ke3 75. Re8+ Kf4 76. Rg8 Bh4+ 77. Ke2 Ke4 78. Re8+ Kf4 79. Rf8+ Ke4 80. Rf7 Bg5 81. Rg7 Bh4 82. Bf3+ Ke5 83. Ke3 Bf6 84. Rh7 Bg5+ 85. Kf2 Rd2+ 86. Be2 Ke6 87. h4 Be7 88. Ke3 Rd6 89. Bg4+ Kf6 90. Ke4 Rd2 91. h5 Rxa2 92. Kd5 Rd2+ 93. Kc6 Bd8 94. Rh8 Be7 95. h6 Kg6 96. h7 Bh4 97. Bf5+ Kf7 98. Rf8+ 1-0

[Event "22nd ETCC Women 2019"]
[Site "Batumi"]
[Date "2019.10.25"]
[Round "2.14"]
[White "Rogule, Laura"]
[Black "Machlik, Edit"]
[Result "1/2-1/2"]
[ECO "A22"]
[WhiteElo "2269"]
[BlackElo "2062"]
[Annotator "NA"]
[PlyCount "64"]
[EventDate "2019.10.24"]
[EventType "team-tourn"]
[EventCountry "GEO"]
[SourceTitle "playchess.com"]
[Source "ChessBase"]
[SourceQuality "1"]
[WhiteTeam "Latvia"]
[BlackTeam "Norway"]
[WhiteTeamCountry "LAT"]
[BlackTeamCountry "NOR"]
[TimeControl "40/5400+30:1800+30"]

1. c4 e5 2. Nc3 Nf6 3. g3 d5 4. cxd5 Nxd5 5. Bg2 Nb6 6. Nf3 Nc6 7. O-O Be7 8. Rb1 O-O 9. b4 a6 10. a3 Re8 11. d3 Bf8 12. Bb2 f6 13. Nd2 Nd4 14. e3 Nb5 15. Nc4 Nxc3 16. Bxc3 Rb8 17. Nxb6 cxb6 18. d4 exd4 19. Qxd4 Be6 20. Qh4 Qe7 21. Bd4 b5 22. Rfc1 Bc4 23. Bf1 Bxf1 24. Kxf1 Rbc8 25. Bc5 Qe6 26. Bxf8 Rxf8 27. Kg2 Rc4 28. Rxc4 bxc4 29. Qd4 b5 30. e4 f5 31. e5 f4 32. f3 Qf5 1/2-1/2

[Event "22nd ETCC Women 2019"]
[Site "Batumi"]
[Date "2019.10.25"]
[Round "2.15"]
[White "Fataliyeva, Ulviyya"]
[Black "Matnadze, Ana"]
[Result "0-1"]
[ECO "A13"]
[WhiteElo "2368"]
[BlackElo "2383"]
[Annotator "NA"]
[PlyCount "96"]
[EventDate "2019.10.24"]
[EventType "team-tourn"]
[EventCountry "GEO"]
[SourceTitle "playchess.com"]
[Source "ChessBase"]
[SourceQuality "1"]
[WhiteTeam "Azerbaijan"]
[BlackTeam "Spain"]
[WhiteTeamCountry "AZE"]
[BlackTeamCountry "ESP"]
[TimeControl "40/5400+30:1800+30"]

1. c4 e6 2. Nf3 Nf6 3. g3 b6 4. Bg2 Bb7 5. O-O Be7 6. Nc3 O-O 7. b3 c5 8. Bb2 d5 9. cxd5 exd5 10. d4 Nbd7 11. Rc1 Ne4 12. dxc5 Nxc3 13. Bxc3 bxc5 14. Ne1 Nb6 15. a4 Rb8 16. Nd3 d4 17. Bxb7 Rxb7 18. Bd2 Nd7 19. Qc2 Qb6 20. Rb1 Rfb8 21. b4 cxb4 22. Bxb4 Bf8 23. Bxf8 Qxb1 24. Rxb1 Rxb1+ 25. Kg2 Nxf8 26. Qc5 Ne6 27. Qxa7 R1b7 28. Qa6 h6 29. Ne5 Rb6 30. Qc4 Ra8 31. a5 Rba6 32. Nc6 g6 33. Ne7+ Kg7 34. f4 Rxa5 35. f5 gxf5 36. Qc6 Rd8 37. Qf3 d3 38. exd3 Ra2+ 39. Kg1 Ra1+ 40. Kf2 Ra2+ 41. Kg1 Rb8 42. Nxf5+ Kf8 43. Qf1 Rba8 44. Ne3 Ra1 45. Nd1 R8a2 46. Qe1 Rb1 47. h4 Nd4 48. Qf1 Rd2 0-1

[Event "22nd ETCC Women 2019"]
[Site "Batumi"]
[Date "2019.10.25"]
[Round "2.15"]
[White "Johnsen, Sylvia"]
[Black "Berzina, Ilze"]
[Result "0-1"]
[ECO "B13"]
[WhiteElo "1898"]
[BlackElo "2216"]
[Annotator "NA"]
[PlyCount "66"]
[EventDate "2019.10.24"]
[EventType "team-tourn"]
[EventCountry "GEO"]
[SourceTitle "playchess.com"]
[Source "ChessBase"]
[SourceQuality "1"]
[WhiteTeam "Norway"]
[BlackTeam "Latvia"]
[WhiteTeamCountry "NOR"]
[BlackTeamCountry "LAT"]
[TimeControl "40/5400+30:1800+30"]

1. e4 c6 2. d4 d5 3. exd5 cxd5 4. c4 Nf6 5. Nc3 Nc6 6. Nf3 Be6 7. cxd5 Nxd5 8. Bd3 g6 9. O-O Bg7 10. Be3 O-O 11. a3 Rc8 12. Rc1 Na5 13. Ne5 Nxe3 14. fxe3 Nb3 15. Nxf7 Rxf7 16. Rxf7 Bxf7 17. Rb1 Na5 18. Qf3 Nc4 19. Rf1 Be6 20. Qe4 Qd7 21. Bxc4 Bxc4 22. Rd1 e6 23. Qh4 Rf8 24. Ne4 Bd5 25. Nc5 Qf7 26. Qe1 b6 27. Nd3 Qf5 28. Nf2 Qg5 29. e4 Bb3 30. Rd3 Bc4 31. Rd2 Bh6 32. Rc2 b5 33. d5 Qe3 0-1

[Event "22nd ETCC Women 2019"]
[Site "Batumi"]
[Date "2019.10.25"]
[Round "2.16"]
[White "Calzetta Ruiz, Monica"]
[Black "Mamedjarova, Turkan"]
[Result "1-0"]
[ECO "C77"]
[WhiteElo "2251"]
[BlackElo "2314"]
[Annotator "NA"]
[PlyCount "149"]
[EventDate "2019.10.24"]
[EventType "team-tourn"]
[EventCountry "GEO"]
[SourceTitle "playchess.com"]
[Source "ChessBase"]
[SourceQuality "1"]
[WhiteTeam "Spain"]
[BlackTeam "Azerbaijan"]
[WhiteTeamCountry "ESP"]
[BlackTeamCountry "AZE"]
[TimeControl "40/5400+30:1800+30"]

1. e4 e5 2. Nf3 Nc6 3. Bb5 a6 4. Ba4 Nf6 5. d3 b5 6. Bb3 Bc5 7. Nc3 h6 8. Nd5 d6 9. c3 Rb8 10. O-O O-O 11. Re1 Ba7 12. Be3 Bxe3 13. Nxe3 Na5 14. Bc2 Re8 15. b4 Nc6 16. a4 g6 17. axb5 axb5 18. Bb3 Kg7 19. h3 Nh5 20. Nd5 Ne7 21. d4 Nxd5 22. Bxd5 Qf6 23. Bc6 Re7 24. Ra5 Nf4 25. Rxb5 Rxb5 26. Bxb5 g5 27. Re3 Bb7 28. dxe5 dxe5 29. Qd8 Qd6 30. Qxd6 cxd6 31. c4 Rc7 32. Nd2 f5 33. f3 fxe4 34. fxe4 Rc8 35. Ra3 Ra8 36. Rxa8 Bxa8 37. c5 dxc5 38. bxc5 Kf6 39. c6 Ke6 40. Nc4 Ne2+ 41. Kf2 Nc3 42. c7 Bb7 43. Bc6 Ba6 44. Ke3 Nd1+ 45. Kd2 Nf2 46. Kc3 g4 47. Bd5+ Kd7 48. Nxe5+ Kxc7 49. Nxg4 Nxg4 50. hxg4 Kd6 51. Kd4 Bc8 52. e5+ Ke7 53. Bf3 Kf7 54. Ke4 Ba6 55. Kf5 Bc8+ 56. Kf4 Ba6 57. g5 hxg5+ 58. Kxg5 Bd3 59. Bd5+ Ke7 60. g4 Be2 61. Kf4 Bd1 62. g5 Bc2 63. Be4 Bb3 64. Bf5 Ba2 65. g6 Kf8 66. Kg5 Kg7 67. Kf4 Bb3 68. Ke3 Kf8 69. Kd4 Ke7 70. Bd3 Kf8 71. Kc5 Be6 72. Kd6 Bb3 73. e6 Ba4 74. e7+ Kg7 75. Kc7 1-0